 Dungeon Crawl Stone Soup version 0.25.0-26-g0c896c7088 (webtiles) character file.

Game seed: 13705673945313896985

14907 marsu the Spear-Bearer (level 12, -3/97 HPs)
             Began as a Formicid Fighter on July 3, 2020.
             Was an Elder of Makhleb.
             Slain by a frost giant
             ... wielding a +2 battleaxe of freezing
              (10 damage)
             ... in an ice cave.
             The game lasted 00:25:35 (13791 turns).

marsu the Spear-Bearer (Formicid Fighter)          Turns: 13791, Time: 00:25:36

Health: -3/97      AC: 11    Str: 27    XL:     12   Next: 51%
Magic:  12/26      EV: 10    Int:  3    God:    Makhleb [****..]
Gold:   803        SH: 12    Dex: 10    Spells: 11/11 levels left

rFire    . . .     SeeInvis +   G - +1 glaive (flame)
rCold    . . .     Gourm    .   c - +0 kite shield
rNeg     . . .     Faith    .   y - +0 ring mail {rPois} {rPois}
rPois    +         Spirit   .   (helmet unavailable)
rElec    .         Reflect  .   (no cloak)
rCorr    .         Harm     .   h - +0 pair of gloves
MR       ++...                  o - +1 pair of boots
Stlth    +.........             (no amulet)
HPRegen  0.66/turn              M - ring of protection from magic
MPRegen  0.20/turn              H - ring "Pavvaa" {MP+9 Int-4 Slay+6 SInv Stlth+}

@: very slow
A: permanent stasis, dig shafts and tunnels, four strong arms, antennae 3,
hooves 1, regeneration 1, MP-powered wands
a: Dig, Shaft Self, Minor Destruction, Lesser Servant of Makhleb, Major
Destruction, Renounce Religion


You were in an ice cave.
You worshipped Makhleb.
Makhleb was greatly pleased with you.
You were not hungry.

You visited 2 branches of the dungeon, and saw 12 of its levels.
You also visited: Sewer and Ice Cave.

You collected 803 gold pieces.

Inventory:

Hand Weapons
 a - a +1 trident
 G - a +1 glaive of flaming (weapon)
 K - the +7 war axe "Wiura" {antimagic, rPois rC++ Int+2 Dex-5, unknown}
   (You found it on level 9 of the Dungeon)

   It reduces the magical energy of the wielder, and disrupts the spells and
   magical abilities of those hit.
   Natural abilities and divine invocations are not affected.
   It affects your intelligence (+2).
   It affects your dexterity (-5).
   It greatly protects you from cold.
   It protects you from poison.
 N - the cursed +0 quarterstaff of the Median {vorpal, rC+ rN+ Str+3 Stlth+, unknown}
   (You found it on level 10 of the Dungeon)

   It inflicts extra damage upon your enemies.
   It affects your strength (+3).
   It protects you from cold.
   It protects you from negative energy.
   It makes you more stealthy.
   It has a curse placed upon it.
Missiles
 Q - 380 stones (quivered)
Armour
 b - a +0 scale mail
 c - a +0 kite shield (worn)
 h - a +0 pair of gloves (worn)
 o - a +1 pair of boots (worn)
 w - a +0 plate armour
 y - a +0 ring mail of poison resistance (worn) {rPois}
 J - the +1 leather armour of Summer {rElec rPois rF+ SInv}
   (You found it on level 9 of the Dungeon)

   It protects you from fire.
   It insulates you from electricity.
   It protects you from poison.
   It lets you see invisible.
Jewellery
 g - an uncursed ring of stealth {Stlth+}
 k - a +4 ring of slaying
 s - an uncursed amulet of faith {Faith, !P}
 u - an uncursed ring of magical power {MP+9}
 H - the ring "Pavvaa" (right hand) {MP+9 Int-4 Slay+6 SInv Stlth+}
   (You found it on level 8 of the Dungeon)

   [ring of magical power]

   It affects your intelligence (-4).
   It affects your accuracy and damage with ranged weapons and melee attacks
   (+6).
   It affects your magic capacity (+9).
   It lets you see invisible.
   It makes you more stealthy.
 M - a ring of protection from magic (left hand)
Wands
 m - a wand of polymorph (5)
 D - a wand of digging (1)
 E - a wand of acid (3)
 L - a wand of flame (13)
Scrolls
 e - 3 scrolls of fear
 i - a scroll of identify
 j - 10 scrolls of remove curse
 q - a scroll of enchant weapon
 B - 2 scrolls of blinking {!r}
 I - 2 scrolls of enchant armour
Potions
 d - 4 potions of might
 l - 7 potions of curing
 n - a potion of ambrosia
 p - a potion of stabbing
 r - a potion of berserk rage {!q}
 t - a potion of heal wounds
 v - 2 potions of flight
 z - a potion of cancellation
 A - a potion of mutation {!q}
 C - 3 potions of brilliance
Miscellaneous
 x - a phial of floods (inert)
Comestibles
 f - 22 rations


   Skills:
 + Level 10.0 Fighting
 * Level 12.1 Polearms
 + Level 9.9 Armour
 - Level 9.0 Shields
 + Level 7.8 Invocations


You had 11 spell levels left.
You didn't know any spells.
Your spell library contained the following spells:

 Spells                   Type           Power        Failure   Level  Hunger
 Animate Skeleton         Necr           N/A          63%         1    ##.....
 Apportation              Tloc           #.....       63%         1    ##.....
 Corona                   Hex            #......      63%         1    ##.....
 Magic Dart               Conj           #...         63%         1    ##.....
 Pain                     Necr           #...         63%         1    ##.....
 Summon Small Mammal      Summ           #...         63%         1    ##.....
 Searing Ray              Conj           #.....       77%         2    ###....
 Dazzling Flash           Conj/Hex       #.....       94%         3    ####...
 Vampiric Draining        Necr           #.........   94%         3    ####...
 Animate Dead             Necr           N/A          100%        4    #####..
 Fulminant Prism          Conj/Hex       #.........   100%        4    #####..
 Iskenderun's Mystic Bla  Conj/Tloc      #.......     100%        4    #####..
 Agony                    Necr           #.......     100%        5    ######.


Dungeon Overview and Level Annotations

Branches:
Dungeon (11/15)            Temple (1/1) D:6            Lair (0/6) D:10
  Sewer (visited)           IceCv (1/1)
    Orc: D:9-12

Altars:
Ashenzari
Cheibriados
Dithmenos
Elyvilon
Fedhas
Gozag
Hepliaklqana
Kikubaaqudgha
Makhleb
Nemelex Xobeh
Okawaru
Qazlal
Ru
Sif Muna
Trog
Uskayaw
Vehumet
Wu Jian
Xom
Yredelemnul
Zin
The Shining One

Shops:
D:6 [


Innate Abilities, Weirdness & Mutations

You cannot be hasted, slowed, berserked, paralysed or teleported.
You can dig through walls and to a lower floor.
Your four strong arms can wield two-handed weapons with a shield.
You have a pair of large antennae on your head. (SInv)
You have large cloven feet.
Your natural rate of healing is unusually fast.
You expend magic power (3 MP) to strengthen your wands.


Message History

You feel a surge of power!
The bolt of acid hits the frost giant!
The frost giant is splashed with acid.
The acid corrodes the frost giant!
The frost giant casts a spell at you. The bolt of cold hits you!!
* * * LOW HITPOINT WARNING * * *
You take 24 damage, and have 35/96 hp.
MASSIVE DAMAGE!!
You now have 12/26 mp.
A demon appears!
You are engulfed in freezing vapours.
* * * LOW HITPOINT WARNING * * *
The frost giant hits you with a +2 battleaxe of freezing.
* * * LOW HITPOINT WARNING * * *
The frost giant freezes you.
* * * LOW HITPOINT WARNING * * *
You take 23 damage, and have 12/96 hp.
MASSIVE DAMAGE!!
You feel much better.
You are engulfed in freezing vapours.
* * * LOW HITPOINT WARNING * * *
The frost giant hits you with a +2 battleaxe of freezing!
You die...

.#
##...#####≈#≈≈##
## ##...####
#≈≈≈####
#####..###
#≈≈##≈≈##.##
.##...##
##≈≈#≈≈##.⌠.#
..#..##
#≈≈≈≈≈≈≈##.##
#...##
#≈≈≈≈≈≈#≈###.#
##.##
≈≈≈≈#≈#≈3##.##
####
≈#≈≈≈##.##.##
≈≈≈≈≈#≈@#.##
≈#≈≈##C##..#
≈≈≈≈ #Y###.# #≈≈
##{#{## #{{..#
##.#.# ###.##
##†# ##.#


You could see a frost giant (corroded), a yak (waterlogged) and a friendly
ynoxinul (summoned).

Levels and vault maps discovered:
D:1:      lemuel_arrival_hallway, layout_basic, serial_forest,
          infiniplex_forest_clump_tiny, infiniplex_forest_end_1,
          infiniplex_forest_straight_4, infiniplex_forest_straight_2,
          infiniplex_forest_clump_large, infiniplex_forest_lined_1,
          infiniplex_forest_clump_tiny, infiniplex_forest_join,
          infiniplex_forest_clump_small, infiniplex_forest_straight_4,
          dk_noncrumbling_4
D:2:      mumra_celtic_spiral_tile, layout_basic
D:3:      minmay_bubble_buster, layout_rooms
D:4:      layout_loops_corners, first_ration, gup_sewer_entry_spiral,
          fedhas_ov_isle_minmay
D:5:      layout_loops_ring, minmay_circle_x, uniq_ijyb
D:6:      layout_loops_corners, nicolae_ru_awakened_eye,
          lemuel_coloured_pillars_altar, nicolae_tso_swordbearing_angel,
          minmay_temple_entry_grid, serial_shops, kennysheep_little_box,
          serial_undead, serial_undead_c, serial_undead_f, serial_undead_e,
          serial_undead_c, uniq_eustachio, uniq_maggie
D:7:      layout_cave_pools, nemelex_xobeh_ov_fountains_minmay,
          old_standard_altar, grunt_livestock, cheibriados_altar_1
D:8:      layout_basic, elyvilon_altar_5, kennysheep_mini, minmay_diced_spiral
D:9:      layout_basic, overflow_temple_1_default, ashenzari_altar_1
D:10:     layout_basic, lair_entry_dummy, minmay_strange_pillars, minmay_holes,
          uniq_grum
D:11:     layout_gridville, portal_ice_cave_entry_pillars_2, basic_altar,
          uniq_fannar
Temple:   nicolae_temple_figure_eight
IceCv:    ice_cave_caverns_03

Notes
Turn   | Place    | Note
-------+----------+-------------------------------------------
     0 | D:1      | marsu the Formicid Fighter began the quest for the Orb.
     0 | D:1      | Reached XP level 1. HP: 18/18 MP: 1/1
    35 | D:1      | Identified a +0 whip
   266 | D:1      | Identified an amulet of faith (You found it on level 1 of
                  | the Dungeon)
   345 | D:1      | Reached XP level 2. HP: 24/24 MP: 2/2
   398 | D:1      | Identified a +0 club
   435 | D:1      | Identified an amulet of inaccuracy (You found it on level 1
                  | of the Dungeon)
  1197 | D:2      | Reached skill level 4 in Shields
  1258 | D:2      | Identified a +0 club
  1340 | D:2      | Identified a +0 pair of boots (You found it on level 2 of
                  | the Dungeon)
  1356 | D:2      | Identified a +0 flail
  1356 | D:2      | Identified a +0 spear
  1356 | D:2      | Identified a +0 club
  1356 | D:2      | Identified a cursed +0 hunting sling
  1423 | D:1      | Reached XP level 3. HP: 23/29 MP: 3/3
  1878 | D:2      | Identified 3 scrolls of random uselessness
  1879 | D:2      | Identified a scroll of enchant weapon
  1880 | D:2      | Identified a scroll of remove curse
  1882 | D:2      | Reached XP level 4. HP: 23/36 MP: 4/4
  2279 | D:2      | Reached skill level 3 in Polearms
  2428 | D:2      | Identified a +0 club
  2479 | D:2      | Identified a +0 dagger
  2673 | D:3      | Identified a +0 club
  2673 | D:3      | Identified a +1 short sword of speed
  2737 | D:3      | Identified a +0 short sword
  2769 | D:3      | Identified a scroll of identify
  2769 | D:3      | Identified 3 potions of haste
  2770 | D:3      | Identified a scroll of magic mapping
  2899 | D:3      | Identified a +0 club
  2961 | D:3      | Identified a +0 club
  2988 | D:3      | Identified a +0 pair of gloves (You found it on level 3 of
                  | the Dungeon)
  2991 | D:3      | Identified a +0 club
  2995 | D:3      | Reached XP level 5. HP: 42/42 MP: 5/5
  3056 | D:3      | Identified a +0 club
  3180 | D:3      | Reached skill level 4 in Fighting
  3240 | D:3      | Reached skill level 5 in Shields
  3261 | D:3      | Reached skill level 4 in Armour
  3261 | D:3      | Reached XP level 6. HP: 46/48 MP: 6/6
  3504 | D:3      | Identified a ring of magical power (You found it on level 3
                  | of the Dungeon)
  3587 | D:4      | Identified a scroll of teleportation
  3607 | D:4      | Reached skill level 4 in Polearms
  3700 | D:4      | Identified a +0 club
  3895 | D:4      | Found a glowing drain.
  3899 | Sewer    | Entered a sewer
  3936 | Sewer    | Identified a +0 dagger
  4024 | Sewer    | Reached XP level 7. HP: 46/55 MP: 7/7
  4303 | D:4      | Reached skill level 6 in Shields
  4707 | D:4      | Found a blossoming altar of Fedhas.
  4740 | D:4      | Identified an uncursed ring of stealth
  4944 | D:4      | Reached skill level 5 in Polearms
  5217 | D:5      | Entered Level 5 of the Dungeon
  5227 | D:5      | Identified a +2 vampiric war axe
  5227 | D:5      | Identified a +0 leather armour
  5238 | D:5      | Reached XP level 8. HP: 44/61 MP: 8/8
  5254 | D:4      | Reached skill level 5 in Fighting
  5334 | D:5      | Identified a +0 morningstar
  5359 | D:5      | Reached skill level 7 in Shields
  5373 | D:5      | Reached skill level 5 in Armour
  5415 | D:5      | Identified a +0 mace
  5416 | D:5      | Identified a cursed -2 giant club
  5975 | D:5      | Identified a +0 dagger
  5975 | D:5      | Identified a +0 robe
  5976 | D:5      | Identified a +0 dagger
  5976 | D:5      | Identified a +0 robe
  5976 | D:5      | Identified a +0 short sword
  5976 | D:5      | Identified a +0 leather armour
  6052 | D:4      | Reached skill level 6 in Polearms
  6174 | D:5      | Identified a +0 club
  6302 | D:5      | Identified a +0 hand axe
  6304 | D:5      | Identified a +0 whip
  6305 | D:5      | Identified a +0 dagger
  6305 | D:5      | Identified a +0 leather armour
  6306 | D:5      | Identified a +0 whip
  6306 | D:5      | Identified a +0 leather armour
  6308 | D:5      | Identified a +0 trident
  6308 | D:5      | Identified a +0 scale mail
  6654 | D:5      | Identified a +0 dagger
  6654 | D:5      | Identified a +0 leather armour
  6654 | D:5      | Noticed Ijyb
  6668 | D:5      | Reached skill level 8 in Shields
  6678 | D:5      | Killed Ijyb
  6864 | D:5      | Reached XP level 9. HP: 65/68 MP: 9/9
  6908 | D:6      | Identified a +0 hand axe
  6908 | D:6      | Identified a +0 flail
  6909 | D:6      | Identified a +0 mace
  6909 | D:6      | Identified a +0 scale mail
  7023 | D:6      | Found a glowing golden altar of the Shining One.
  7243 | D:6      | Identified a +0 giant club
  7361 | D:6      | Identified a +0 war axe
  7362 | D:6      | Identified a +0 dagger
  7362 | D:6      | Identified a +0 robe
  7362 | D:6      | Identified a +0 dagger
  7362 | D:6      | Identified a +0 ring mail of poison resistance
  7365 | D:6      | Reached skill level 6 in Fighting
  7453 | D:6      | Found a staircase to the Ecumenical Temple.
  7462 | Temple   | Entered the Ecumenical Temple
  7674 | Temple   | Became a worshipper of Makhleb the Destroyer
  7752 | D:6      | Identified a +0 rapier
  7752 | D:6      | Identified a cursed +0 leather armour
  7752 | D:6      | Noticed Eustachio
  7754 | D:6      | Noticed Eustachio
  7754 | D:6      | Eustachio changed into Eustachio the porcupine
  7759 | D:6      | Killed Eustachio the porcupine
  7759 | D:6      | Reached skill level 7 in Polearms
  7759 | D:6      | Reached skill level 6 in Armour
  7809 | D:6      | Reached skill level 9 in Shields
  8084 | D:6      | Found Zipytyum's Antique Armour Emporium.
  8195 | D:6      | HP: 14/71 [killer bee (7)]
  8197 | D:6      | Identified 6 potions of curing
  8199 | D:6      | HP: 5/71 [killer bee (4)]
  8204 | D:6      | HP: 6/71 [porcupine (6)]
  8206 | D:5      | Identified 2 potions of mutation
  8206 | D:5      | Gained mutation: Your natural rate of healing is unusually
                  | fast. [potion of mutation]
  8206 | D:5      | Gained mutation: You expend magic power (3 MP) to
                  | strengthen your wands. [potion of mutation]
  8206 | D:5      | Gained mutation: You have large cloven feet. [potion of
                  | mutation]
  8207 | D:5      | Identified 3 potions of heal wounds
  8398 | D:6      | Found an opulent altar of Gozag.
  8480 | D:6      | Reached skill level 8 in Polearms
  8508 | D:6      | Found a sacrificial altar of Ru.
  8535 | D:6      | Identified a +0 halberd of flaming
  8535 | D:6      | Identified +2 steam dragon scales
  8535 | D:6      | Noticed Maggie
  8535 | D:6      | Identified a +0 club
  8535 | D:6      | Identified a +0 leather armour
  8535 | D:6      | Identified a +0 mace
  8535 | D:6      | Identified a +0 ring mail
  8536 | D:6      | Identified a cursed -2 hand axe
  8537 | D:6      | Identified a +0 club
  8538 | D:6      | Noticed Maggie
  8538 | D:6      | Maggie changed into Maggie the worm
  8538 | D:6      | Identified a +0 mace
  8538 | D:6      | Identified a +0 plate armour
  8564 | D:6      | Killed Maggie the worm
  8564 | D:6      | Reached * piety under Makhleb
  8751 | D:6      | Reached XP level 10. HP: 50/77 MP: 10/10
  8922 | D:6      | Identified a ring of protection from magic (You found it on
                  | level 6 of the Dungeon)
  8951 | D:7      | Reached skill level 7 in Fighting
  8996 | D:7      | Found a snail-covered altar of Cheibriados.
  9067 | D:7      | Reached skill level 1 in Invocations
  9151 | D:7      | Found a sparkling altar of Nemelex Xobeh.
  9162 | D:7      | Reached skill level 7 in Armour
  9200 | D:7      | Identified a +0 hand axe
  9200 | D:7      | Identified a +0 animal skin
  9315 | D:7      | Reached skill level 2 in Invocations
  9342 | D:6      | Reached skill level 9 in Polearms
  9419 | D:7      | Found an ornate altar of the Wu Jian Council.
  9477 | D:7      | Identified a +0 hand axe
  9478 | D:7      | Identified a +0 long sword
  9478 | D:7      | Identified a +0 plate armour
  9478 | D:7      | Identified a +0 club
  9478 | D:7      | Identified a +0 club
  9506 | D:7      | Identified a +0 shortbow
  9631 | D:7      | Reached skill level 3 in Invocations
  9978 | D:8      | Found a white marble altar of Elyvilon.
 10080 | D:8      | Identified a +0 giant spiked club
 10107 | D:8      | Identified a +0 giant spiked club
 10437 | D:8      | Reached skill level 8 in Fighting
 10444 | D:8      | Identified a +0 hand axe
 10461 | D:8      | Identified a +2 dagger of draining
 10461 | D:8      | Identified a +0 robe
 10461 | D:8      | Identified a +0 club
 10461 | D:8      | Identified a +1 glaive of flaming
 10461 | D:8      | Identified a +0 plate armour
 10461 | D:8      | Identified a +0 short sword
 10463 | D:8      | Reached ** piety under Makhleb
 10463 | D:8      | Identified a +4 ring of slaying
 10466 | D:8      | Identified a +0 dagger
 10486 | D:7      | Reached skill level 4 in Invocations
 10649 | D:8      | Got a coiled platinum ring
 10657 | D:8      | Identified the ring "Pavvaa" {MP+9 Int-4 Slay+6 SInv
                  | Stlth+} (You found it on level 8 of the Dungeon)
 10666 | D:8      | Identified a +0 club
 10666 | D:8      | Identified a +0 short sword
 10761 | D:8      | Found a hazy altar of Hepliaklqana.
 10779 | D:8      | Reached skill level 8 in Armour
 10836 | D:8      | Identified a +0 dagger
 10890 | D:8      | Identified a +0 giant club
 10958 | D:8      | Reached XP level 11. HP: 85/85 MP: 14/14
 11082 | D:9      | Identified a +0 club
 11089 | D:9      | Reached skill level 10 in Polearms
 11099 | D:9      | Identified a +0 short sword
 11100 | D:9      | Found a shattered altar of Ashenzari.
 11100 | D:9      | Identified a +0 short sword
 11124 | D:9      | Identified a +0 battleaxe
 11124 | D:9      | Identified a +0 robe
 11124 | D:9      | Identified a +0 flail
 11124 | D:9      | Identified a +0 leather armour
 11124 | D:9      | Identified a +0 club
 11124 | D:9      | Identified a +0 robe
 11142 | D:9      | Identified a cursed -1 rapier
 11153 | D:9      | Identified a +0 leather armour
 11300 | D:9      | Identified a +0 war axe
 11300 | D:9      | Identified a +0 chain mail
 11301 | D:9      | Identified a +0 shortbow
 11308 | D:9      | Identified a +0 dagger
 11308 | D:9      | Identified a +0 robe
 11308 | D:9      | Identified a +0 dagger
 11308 | D:9      | Identified a +0 leather armour
 11348 | D:9      | Reached skill level 5 in Invocations
 11389 | D:9      | Identified a +5 dire flail
 11389 | D:9      | Identified a +0 robe
 11395 | D:9      | Identified a +5 dire flail
 11395 | D:9      | Identified a +0 robe
 11398 | D:9      | Identified a +3 long sword
 11398 | D:9      | Identified a cursed +0 robe
 11426 | D:9      | Reached *** piety under Makhleb
 11481 | D:9      | Identified a cursed +3 scimitar
 11481 | D:9      | Identified a +0 robe
 11603 | D:9      | Identified a +0 flail
 11603 | D:9      | Identified a +0 plate armour
 11604 | D:9      | Identified a +0 hand axe
 11604 | D:9      | Identified a cursed +0 leather armour
 11604 | D:9      | Identified a +0 short sword
 11604 | D:9      | Identified a +0 war axe
 11604 | D:9      | Identified a +2 ring mail of poison resistance
 11605 | D:9      | Identified a +0 dagger
 11605 | D:9      | Identified a cursed +0 leather armour
 11610 | D:9      | Identified a +0 club
 11613 | D:9      | Identified a +0 halberd
 11613 | D:9      | Identified a +0 chain mail
 11617 | D:9      | Identified a +0 falchion
 11637 | D:9      | Identified a +0 short sword
 11660 | D:9      | Found an iron altar of Okawaru.
 11664 | D:9      | Got a steaming leather armour
 11832 | D:9      | Got a brightly glowing war axe
 11951 | D:10     | Entered Level 10 of the Dungeon
 11969 | D:10     | Identified a +0 giant spiked club
 11969 | D:10     | Identified a cursed +0 giant spiked club
 11969 | D:10     | Noticed a two-headed ogre
 11993 | D:9      | Killed a two-headed ogre
 12010 | D:10     | Identified a +0 flail
 12010 | D:10     | Identified a +0 scale mail
 12013 | D:10     | Identified a +0 hand axe
 12017 | D:10     | Identified a +0 dagger
 12017 | D:10     | Identified a +0 robe
 12089 | D:10     | Identified a +0 war axe
 12089 | D:10     | Identified a +0 leather armour
 12090 | D:10     | Identified a +0 club
 12090 | D:10     | Identified a +0 ring mail
 12090 | D:10     | Identified a +0 club
 12091 | D:10     | Identified a +0 hand axe
 12091 | D:10     | Identified a +0 chain mail
 12092 | D:10     | Identified a +0 mace
 12092 | D:10     | Identified a +0 leather armour
 12164 | D:10     | Reached skill level 9 in Fighting
 12191 | D:10     | Identified a +0 trident
 12191 | D:10     | Identified a +0 leather armour
 12194 | D:10     | Identified a +0 dagger
 12194 | D:10     | Identified a +0 robe
 12195 | D:10     | Identified a +0 flail
 12195 | D:10     | Identified a +0 ring mail
 12195 | D:10     | Identified a +0 mace
 12195 | D:10     | Identified a +0 leather armour
 12295 | D:10     | Found a staircase to the Lair.
 12336 | D:10     | Identified a +0 club
 12336 | D:10     | Identified a +2 vampiric dagger
 12338 | D:10     | Identified a +1 spear
 12338 | D:10     | Identified a +0 animal skin
 12338 | D:10     | Noticed Grum
 12339 | D:10     | Identified a +0 short sword
 12339 | D:10     | Identified a +0 short sword
 12349 | D:10     | Reached skill level 6 in Invocations
 12358 | D:10     | Killed Grum
 12361 | D:10     | Reached skill level 9 in Armour
 12385 | D:10     | Reached skill level 11 in Polearms
 12425 | D:10     | Reached **** piety under Makhleb
 12680 | D:10     | Got a pitted quarterstaff
 12746 | D:11     | Identified a +0 ring mail
 12813 | D:11     | Found a frozen archway.
 12821 | D:11     | Identified 3 potions of brilliance
 12822 | D:11     | Identified 2 potions of flight
 12823 | D:11     | Identified a potion of cancellation
 12824 | D:11     | Identified a potion of ambrosia
 12825 | D:11     | Identified a potion of berserk rage
 12826 | D:11     | Identified a potion of stabbing
 12827 | D:11     | Identified 3 scrolls of fear
 12828 | D:11     | Identified a scroll of torment
 12829 | D:11     | Identified 3 scrolls of blinking
 12886 | D:11     | Identified a scroll of fog
 12887 | D:11     | Identified 3 scrolls of enchant armour
 12888 | D:11     | Identified a scroll of summoning
 12893 | IceCv    | Entered an ice cave
 13244 | IceCv    | Reached XP level 12. HP: 95/95 MP: 17/17
 13463 | IceCv    | Reached skill level 7 in Invocations
 13582 | IceCv    | Identified the +1 leather armour of Summer {rElec rPois rF+
                  | SInv} (You found it on level 9 of the Dungeon)
 13652 | IceCv    | Reached skill level 12 in Polearms
 13761 | IceCv    | Noticed a death yak
 13761 | IceCv    | Identified a +2 battleaxe of freezing
 13761 | IceCv    | Noticed a frost giant
 13772 | IceCv    | Reached skill level 10 in Fighting
 13790 | IceCv    | HP: 13/96 [frost giant] (18)]
 13791 | IceCv    | HP: 6/97 [frost giant] (26)]
 13791 | IceCv    | Slain by a frost giant

Table legend:
 A = Turns spent in this place as a percentage of turns spent in the entire game.
 B = Non-inter-level travel turns spent in this place as a percentage of non-inter-level travel turns spent in the entire game.
 C = Inter-level travel turns spent in this place as a percentage of turns spent in this place.
 D = Turns resting spent in this place as a percentage of non-inter-level travel turns spent in this place.
 E = Turns spent auto-exploring this place as a percentage of non-inter-level travel turns spent in this place.
 F = Non-inter-level travel turns spent in this place divided by the number of levels of this place that you've seen.
                   A       B       C       D       E      F
               +-------+-------+-------+-------+-------+----------------------
         Total | 100.0 | 100.0 |   3.6 |  21.8 |  45.4 | 949.7
       Dungeon |  90.4 |  90.4 |   3.6 |  21.3 |  48.2 | 1092.7
        Temple |   1.8 |   1.5 |  18.1 |   0.0 |  98.0 | 204.0
         Sewer |   1.3 |   1.3 |   0.0 |  17.8 |  27.6 | 174.0
      Ice Cave |   6.5 |   6.8 |   0.0 |  34.2 |   0.0 | 898.0
               +-------+-------+-------+-------+-------+----------------------

Table legend:
 A = Kills in this place as a percentage of kills in entire the game.
 B = Kills by you in this place as a percentage of kills by you in the entire game.
 C = Kills by friends in this place as a percentage of kills by friends in the entire game.
 D = Other kills in this place as a percentage of other kills in the entire game.
 E = Experience gained in this place as a percentage of experience gained in the entire game.
 F = Experience gained in this place divided by the number of levels of this place that you have seen.
                   A       B       C       D       E      F
               +-------+-------+-------+-------+-------+----------------------
         Total | 100.0 | 100.0 |   N/A |   N/A | 100.0 | 1521.1
       Dungeon |  87.9 |  87.9 |   N/A |   N/A |  63.5 | 1230.1
         Sewer |   1.7 |   1.7 |   N/A |   N/A |   0.5 | 115.0
      Ice Cave |  10.5 |  10.5 |   N/A |   N/A |  35.9 | 7650.0
               +-------+-------+-------+-------+-------+----------------------

Skill      XL: |  1  2  3  4  5  6  7  8  9 10 11 12 |
---------------+-------------------------------------+-----
Shields        | 4 5 6 8 9 |  9.0
Polearms       | 3 4 5 6 8 9 11 12 | 12.1
Fighting       | 4 5 6 8 9 10 | 10.0
Armour         | 4 5 6 8 9 |  9.9
Invocations    | 4 6 7 |  7.8

Action                   |  1- 3 |  4- 6 |  7- 9 | 10-12 || total
-------------------------+-------+-------+-------+-------++-------
Melee: Trident           |   179 |   229 |   590 |       ||   998
       Halberd           |       |       |       |   200 ||   200
       Glaive            |       |       |       |   374 ||   374
Invok: Lesser Servant of |       |       |       |     1 ||     1
 Abil: Dig               |       |     1 |       |     5 ||     6
Evoke: Wand              |       |     6 |    12 |     8 ||    26
       Phial of floods   |       |       |       |     1 ||     1
  Use: Scroll            |     3 |     3 |       |    14 ||    20
       Potion            |       |       |     4 |     1 ||     5
 Stab: Sleeping          |       |       |     1 |     3 ||     4
  Eat: Chunk             |     2 |     5 |    16 |    18 ||    41
       Ration            |       |     1 |       |       ||     1
Armor: Scale mail        |    91 |    71 |    81 |       ||   243
       Ring mail         |       |       |    49 |   151 ||   200
Dodge: Dodged            |    56 |    45 |   136 |   182 ||   419
Block: Kite shield       |   103 |    83 |   261 |   283 ||   730

Vanquished Creatures
  A two-headed ogre (D:9)
  12 polar bears (IceCv)
  A hornet (D:9)
  2 hippogriffs
  A wyvern (D:11)
  17 yaks
  3 hogs (D:7)
  A human (D:6)
  Grum (D:10)
  A water moccasin (D:10)
  2 porcupines
  A black bear (D:10)
  5 sky beasts
  7 orc warriors
  3 ice beasts
  A necrophage (D:8)
  5 ogres
  3 phantoms
  An eye of draining (D:10)
  12 wolves (IceCv)
  2 centaurs
  3 crocodiles
  5 big kobolds
  6 bullfrogs
  7 scorpions
  10 killer bees
  4 wights (D:9)
  4 howler monkeys
  10 crimson imps
  2 bullfrog zombies
  3 quasits
  4 bullfrog skeletons
  6 hounds
  8 orc priests
  2 jellies
  11 worker ants
  Ijyb (D:5)
  3 iguanas
  9 orc wizards
  A killer bee zombie (D:6)
  A hound zombie (D:6)
  A hound skeleton (D:6)
  3 worker ant zombies (D:6)
  3 gnolls
  12 adders
  A shadow imp (D:6)
  An ooze (D:3)
  3 adder zombies (D:6)
  An adder skeleton (D:4)
  7 worms
  A dart slug (D:3)
  8 leopard geckos
  43 orcs
  2 ball pythons
  6 giant cockroaches
  7 goblins
  4 hobgoblins
  15 jackals
  4 quokkas
  6 bats
  5 frilled lizards
  22 kobolds
  A leopard gecko skeleton (D:6)
  A quokka skeleton (D:6)
  2 quokka zombies
  13 rats
354 creatures vanquished.

Vanquished Creatures (others)
  2 wolves (IceCv)
2 creatures vanquished.

Grand Total: 356 creatures vanquished
